 Dungeon Crawl Stone Soup version 0.31.0-9-g3a7656b989 (webtiles) character file.

Game seed: 16611619572873715769

366 Aphynety the Magician (level 6, -8/32 HPs)
             Began as a Deep Elf Fire Elementalist on Jan 24, 2024.
             Was a Believer of Ru.
             Mangled by Pikel
             ... wielding a +2 whip of flaming
              (9 damage)
             ... on level 4 of the Dungeon.
             The game lasted 00:14:26 (2975 turns).

Aphynety the Magician (Deep Elf Fire Elementalist)  Turns: 2975, Time: 00:14:26

Health: -8/32      AC:  2    Str:  5    XL:     6   Next: 40%
Magic:  0/17       EV: 13    Int: 22    God:    Ru [**....]
Gold:   181        SH:  0    Dex: 15    Spells: 11/17 levels left

rFire   . . .        (no weapon)
rCold   . . .        (no shield)
rNeg    . . .        a - +0 robe
rPois   .            (no helmet)
rElec   .            (no cloak)
rCorr   .            (no gloves)
SInv    .            (no boots)
Will    .....        c - amulet of faith
Stlth   ++           (no ring)
HPRegen 0.25/turn    (no ring)
MPRegen 0.15/turn

%: faith
@: weak-willed
A: inability to use devices
a: Renounce Religion


You were on level 4 of the Dungeon.
You worshipped Ru.
Ru was pleased with you.
You visited 1 branch of the dungeon, and saw 4 of its levels.

You collected 181 gold pieces.

Inventory:

Armour
 a - a +0 robe (worn)
Jewellery
 c - an amulet of faith (around neck)
Scrolls
 f - 3 scrolls of identify {unknown}
 h - 4 scrolls of teleportation {unknown}
 i - a scroll of brand weapon {unknown}
 j - a scroll of poison {unknown}
 l - a scroll of fear {unknown}
 m - 3 scrolls of immolation {unknown}
Potions
 b - a potion of magic
 e - 2 potions of mutation {unknown}
 g - a potion of heal wounds {unknown}
 k - 3 potions of curing {unknown}


   Skills:
 + Level 3.1 Dodging
 + Level 3.1 Stealth
 + Level 6.0 Spellcasting
 + Level 3.5 Conjurations
 + Level 4.9 Fire Magic


You had 11 spell levels left.
You knew the following spells:

 Your Spells              Type           Power      Damage    Failure   Level
a - Foxfire               Conj/Fire      100%       2x1d9     1%          1
b - Scorch                Fire           56%        2d7       1%          2
c - Inner Flame           Hex/Fire       17%        N/A       10%         3

Your spell library contained the following spells:

 Spells                   Type           Power      Damage    Failure   Level
 Volatile Blastmotes      Fire/Tloc      34%        2d12      10%         3
 Flame Wave               Conj/Fire      25%        2d8       16%         4
 Anguish                  Hex/Necr       3%         N/A       65%         4
 Cause Fear               Hex            3%         N/A       65%         4
 Enfeeble                 Hex            3%         N/A       100%        7


Dungeon Overview and Level Annotations

Branches:
Dungeon (4/15)
 Temple: D:4-7

Altars:
Cheibriados
Fedhas
Ru

Shops:
D:3 =

Annotations:
D:4 Pikel


Innate Abilities, Weirdness & Mutations

You cannot study or use magical devices.


Message History

Aiming: Inner Flame (quite dangerous; 10% risk of failure)
Press: ? - help, Dir - move target, f - Pikel
Aim: Pikel, wielding a +2 whip of flaming and wearing a +0 robe (moderately wounded, chance to affect: 71%) Pikel struggles to resist.
Casting: Inner Flame (quite dangerous; 10% risk of failure)
Confirm with . or Enter, or press ? or * to list all spells.
Flames lash the lemure.
The lemure is lightly wounded.
The lemure's fire resistance burns away.
You redirect Pikel's attack!
Pikel barely misses the lemure.
Casting: Scorch (safe; 1% risk of failure)
Confirm with . or Enter, or press ? or * to list all spells.
Flames lash Pikel.
Pikel is heavily wounded.
Pikel's fire resistance burns away.
Pikel closely misses you.
Casting: Scorch (safe; 1% risk of failure)
Confirm with . or Enter, or press ? or * to list all spells.
Flames lash the lemure.
The lemure is moderately wounded.
The lemure's fire resistance burns away.
Pikel hits you with a +2 whip of flaming.
Pikel burns you.
Casting: Scorch (safe; 1% risk of failure)
Confirm with . or Enter, or press ? or * to list all spells.
Flames lash Pikel.
Pikel is burned terribly!
Pikel is almost dead.
The lemure is no longer more vulnerable to fire.
Pikel says, "All the lords of Hell know my name!"
Pikel hits you with a +2 whip of flaming!
* * * LOW HITPOINT WARNING * * *
Pikel burns you.
* * * LOW HITPOINT WARNING * * *
Okay, then.
As you read the scroll labelled QAYLAO HAUTOS, it crumbles to dust.
A wave of despondency washes over your surroundings.
It was a scroll of vulnerability.
Pikel hits you with a +2 whip of flaming!
You die...
Pikel says, "See you in Hell!"

#.... #.... #....
#.... #.... ####
#....#########..#
#55≈≈≈≈≈..#.§.#
#K≈.....§.#.55.#
#@≈.≈≈≈.≈.#..K.#
#.§≈...§§.#..5.#
#.≈§._.≈≈.#....#
#.§≈§..≈≈.###+##
#.≈§§≈≈.≈.#.)..#
#.≈.....§.#....#
#..≈≈≈≈≈..#....#
.#########.....+..
............#..


You could see Pikel (weak-willed, combustible) and 2 lemures.

Vanquished Creatures
  Grinder (D:3)
  2 lemures (D:4)
  A bombardier beetle (D:4)
  4 gnolls (D:4)
  5 adders
  5 ball pythons
  5 bats
  4 endoplasms
  A giant cockroach (D:1)
  8 goblins
  5 hobgoblins
  A jackal (D:2)
  6 kobolds
  4 quokkas
  3 frilled lizards
  9 rats
64 creatures vanquished.

Vanquished Creatures (others)
  189 foxfires
189 creatures vanquished.

Grand Total: 253 creatures vanquished

Notes
Turn   | Place    | Note
-------+----------+-------------------------------------------
     0 | D:1      | Aphynety the Deep Elf Fire Elementalist began the quest for
                  | the Orb.
     0 | D:1      | Reached XP level 1. HP: 10/10 MP: 6/6
   162 | D:1      | Reached XP level 2. HP: 15/15 MP: 2/8
   876 | D:2      | Found a blossoming altar of Fedhas.
   883 | D:2      | Became a worshipper of Fedhas Madash
  1074 | D:2      | Reached XP level 3. HP: 19/19 MP: 6/10
  1674 | D:3      | Reached * piety under Fedhas
  1699 | D:3      | Reached skill level 4 in Spellcasting
  1784 | D:3      | Reached XP level 4. HP: 24/24 MP: 6/12
  1980 | D:3      | Found Vuzacifu's Jewellery Emporium.
  2173 | D:3      | Noticed Grinder
  2178 | D:3      | Learned a level 2 spell: Scorch
  2181 | D:3      | HP: 1/24 [Grinder (6)]
  2184 | D:3      | Killed Grinder
  2185 | D:3      | Reached skill level 5 in Spellcasting
  2185 | D:3      | Reached XP level 5. HP: 2/28 MP: 5/15
  2185 | D:3      | Reached XP level 6. HP: 3/32 MP: 5/16
  2305 | D:3      | Learned a level 3 spell: Inner Flame
  2563 | D:3      | Found a faded altar of an unknown god.
  2571 | D:3      | Prayed at the altar of an unknown god.
  2571 | D:3      | Fell from the grace of Fedhas
  2571 | D:3      | Became a worshipper of Ru the Awakened
  2575 | D:3      | Gained mutation: You cannot study or use magical devices.
                  | [Ru sacrifice]
  2575 | D:3      | Reached * piety under Ru
  2575 | D:3      | Reached ** piety under Ru
  2911 | D:4      | Reached skill level 6 in Spellcasting
  2913 | D:4      | Found a snail-covered altar of Cheibriados.
  2950 | D:4      | Noticed Pikel
  2974 | D:4      | HP: 1/32 [Pikel/+2 whip of flaming (4)]
  2975 | D:4      | Mangled by Pikel

Illustrated notes

Levels and vault maps discovered:
D:1:      dpeg_arrival_tiny_a, layout_basic
D:2:      layout_loops_ring, basic_altar, hangedman_decor_push,
          minmay_diced_spiral
D:3:      layout_basic, serial_shops, nicolae_shop_just_a_little_nook,
          shapermc_ecumenical_altar_mp_ritualfount, uniq_grinder
D:4:      layout_gridville, mainiacjoe_overflow_paths, uniq_robin, uniq_pikel,
          uniq_blork_the_orc

Skill      XL: |  1  2  3  4  5  6 |
---------------+-------------------+-----
Fire Magic     | 4 |  4.9
Spellcasting   | 4 5 6 |  6.0
Dodging        | 3 |  3.1
Stealth        | 3 |  3.1
Conjurations   | 3 |  3.5

Action                     |  1- 3 |  4- 6 || total
---------------------------+-------+-------++-------
  Melee: Unarmed           |     1 |       ||     1
   Cast: Foxfire           |    72 |    38 ||   110
         Scorch            |       |     9 ||     9
         Inner Flame       |       |     3 ||     3
 Invoke: Sacrifice Artific |       |     1 ||     1
    Use: Scroll            |       |     1 ||     1
 Armour: Robe              |    12 |    13 ||    25
  Dodge: Dodged            |    13 |     1 ||    14
